 Dungeon Crawl Stone Soup version 0.19.0-20-gbc5f0c6 (webtiles) character file.

821 nikopol the Skirmisher (level 7, -9/44 HPs)
             Began as a Gargoyle Berserker on Nov 17, 2016.
             Was a Priest of Trog.
             Killed by divine providence
             ... invoked by an orc priest
              (14 damage)
             ... on level 5 of the Dungeon.
             The game lasted 00:14:48 (4872 turns).

nikopol the Skirmisher (Gargoyle Berserker)         Turns: 4872, Time: 00:14:49

Health: -9/44      AC: 13    Str: 22    XL:     7   Next: 95%
Magic:  7/7        EV: 12    Int:  7    God:    Trog [***...]
Gold:   214        SH:  0    Dex: 10    Spells: 0 memorised, 6 levels left

rFire  x . .     SeeInvis .     a - +0 war axe
rCold  + . .     Gourm    .     s - +0 ring mail
rNeg   + . .     Faith    .     (no shield)
rPois  ∞         Spirit   .     (no helmet)
rElec  +         Reflect  .     B - +0 cloak (curse)
rCorr  +         Harm     +     (no gloves)
MR     .....                    o - +0 pair of boots
Stlth  ..........               t - amulet of harm
                                y - ring of ice
                                h - ring of resist corrosion

@: no status effects
A: negative energy resistance 1, electricity resistance, unbreathing,
petrification resistance, rot immunity, AC +4
a: Berserk, Trog's Hand, Burn Spellbooks, Renounce Religion


You were on level 5 of the Dungeon.
You worshipped Trog.
Trog was most pleased with you.
You were near starving.

You visited 1 branch of the dungeon, and saw 5 of its levels.

You collected 214 gold pieces.

Inventory:

Hand Weapons
 a - a +0 war axe (weapon)
 G - a +0 hand axe
Missiles
 n - 35 arrows (quivered)
Armour
 b - a +0 animal skin
 d - a +0 chain mail
 o - a +0 pair of boots (worn)
 s - a +0 ring mail (worn)
 B - a cursed +0 cloak (worn)
Jewellery
 h - a ring of resist corrosion (left hand)
 t - an amulet of harm (around neck)
 y - a ring of ice (right hand)
Wands
 z - a wand of flame (11/48)
Scrolls
 e - 3 scrolls of remove curse {unknown}
 g - 2 scrolls of identify {unknown}
 j - a scroll of immolation {unknown}
 p - a scroll of recharging {unknown}
 r - a scroll of teleportation {unknown}
 v - a scroll of enchant armour {unknown}
 x - 2 scrolls of random uselessness {unknown}
 A - a scroll of amnesia {unknown}
 C - a scroll of fog {unknown}
Potions
 f - a potion of heal wounds {unknown}
 i - 3 potions of haste {unknown}
 m - a potion of resistance {unknown}
 q - a potion of degeneration {unknown}
 u - a potion of curing {unknown}
 w - 3 potions of lignification {unknown}
 D - a potion of flight {unknown}
 F - a potion of cure mutation {unknown}
Comestibles
 c - 2 bread rations
 k - 2 beef jerkies
 l - 3 fruits
 E - a meat ration


   Skills:
 + Level 5.4 Fighting
 * Level 5.1 Axes
 + Level 4.9 Armour
 + Level 3.8 Dodging


You had 6 spell levels left.
You didn't know any spells.

Dungeon Overview and Level Annotations

Branches:
Dungeon (5/15)
 Temple: D:4-7

Altars:
Qazlal
Ru
Xom


Innate Abilities, Weirdness & Mutations

You are resistant to torment.
Your stone body is resilient. (AC +4)
You are immune to poison.
You resist negative energy. (rN+)
You are resistant to electric shocks. (rElec)
You can survive without breathing.
You are immune to petrification.
You are immune to rotting.


Message History

You kill the orc!
Trog accepts your kill.
You slash the orc!
You kill the orc!
Trog accepts your kill.
The orc priest hits you but does no damage.
Items here: )))) [[[[ † You closely miss the orc priest.
The orc priest invokes the aid of Beogh against you.
Beogh smites you!
* * * LOW HITPOINT WARNING * * *
You are too injured to fight recklessly!
You are too injured to fight recklessly!
You are too injured to fight recklessly!
You are too injured to fight recklessly!
You're too hungry.
You start eating one of the 3 fruits.
The orc priest invokes the aid of Beogh against you.
Beogh smites you!
You die...

################
#...$...(@o....#
###.#######......
#.# ##.## #.# #.#
#.# #.# #.# #.#


You could see an orc priest.

Vanquished Creatures
  Grinder (D:4)
  Duvessa (D:4)
  The ghost of Oozefury the Chopper, an amateur HOWn (D:3)
  Dowan (D:4)
  A scorpion (D:4)
  An orc priest (D:3)
  An orc wizard (D:5)
  An iguana (D:4)
  4 worker ants (D:4)
  5 adders
  An ooze (D:4)
  5 worms
  5 dart slugs
  3 leopard geckos
  12 orcs
  5 giant cockroaches
  8 goblins
  3 hobgoblins
  4 quokkas
  4 ball pythons
  12 bats
  5 frilled lizards
  5 kobolds
  5 rats
94 creatures vanquished.

Vanquished Creatures (others)
  The ghost of Philosophy the Chopper, an amateur HOFi (D:4)
1 creature vanquished.

Grand Total: 95 creatures vanquished

Notes
Turn   | Place    | Note
-------+----------+-------------------------------------------
     0 | D:1      | nikopol the Gargoyle Berserker began the quest for the Orb.
     0 | D:1      | Reached XP level 1. HP: 14/14 MP: 1/1
     9 | D:1      | Noticed an anaconda
     9 | D:1      | Noticed a hound
     9 | D:1      | Noticed a redback
     9 | D:1      | Noticed a wyvern
    97 | D:1      | Reached XP level 2. HP: 19/19 MP: 2/2
   526 | D:1      | Found a shimmering altar of Xom.
   588 | D:1      | Reached XP level 3. HP: 23/23 MP: 3/3
  1032 | D:2      | Reached ** piety under Trog
  1795 | D:2      | Reached XP level 4. HP: 28/29 MP: 4/4
  1812 | D:2      | Found a faded altar of an unknown god.
  1812 | D:2      | Found a faded altar of an unknown god.
  1817 | D:2      | Found a sacrificial altar of Ru.
  1819 | D:2      | Found a faded altar of an unknown god.
  1821 | D:2      | Found a faded altar of an unknown god.
  2253 | D:3      | Noticed Oozefury's ghost (amateur HOWn)
  2265 | D:3      | Killed Oozefury's ghost
  2265 | D:3      | Reached XP level 5. HP: 34/34 MP: 5/5
  2607 | D:3      | Reached *** piety under Trog
  2618 | D:3      | Reached XP level 6. HP: 24/39 MP: 6/6
  3013 | D:4      | Killed Philosophy's ghost
  3043 | D:4      | Noticed Dowan
  3044 | D:4      | Noticed Duvessa
  3060 | D:4      | Killed Duvessa
  3064 | D:4      | Killed Dowan
  3064 | D:4      | Received a gift from Trog
  3315 | D:4      | Noticed Grinder
  3315 | D:4      | Paralysed by Grinder for 5 turns
  3338 | D:4      | Paralysed by Grinder for 6 turns
  3347 | D:4      | Paralysed by Grinder for 7 turns
  3357 | D:4      | Paralysed by Grinder for 2 turns
  3565 | D:4      | Paralysed by Grinder for 7 turns
  3882 | D:4      | Killed Grinder
  3882 | D:4      | Reached skill level 5 in Fighting
  3882 | D:4      | Reached XP level 7. HP: 44/44 MP: 7/7
  4507 | D:4      | Reached skill level 5 in Axes
  4730 | D:4      | Found a stormy altar of Qazlal.
  4774 | D:5      | Entered Level 5 of the Dungeon
  4872 | D:5      | Killed from afar by an orc priest

Skill      XL: |  1  2  3  4  5  6  7 |
---------------+----------------------+-----
Dodging        | 2 3 |  3.8
Axes           | 3 4 5 |  5.1
Armour         | 3 4 |  4.9
Fighting       | 4 5 |  5.4

Action                   |  1- 3 |  4- 6 |  7- 9 || total
-------------------------+-------+-------+-------++-------
Melee: Hand axe          |   163 |   185 |    72 ||   420
       War axe           |       |       |    13 ||    13
Invok: Berserk           |       |     4 |       ||     4
  Eat: Chunk             |     3 |     7 |     3 ||    13
       Royal jelly       |       |     1 |       ||     1
Armor: Chain mail        |    78 |       |       ||    78
       Ring mail         |    44 |    82 |    35 ||   161
Dodge: Dodged            |   109 |   111 |    35 ||   255
